 Dungeon Crawl Stone Soup version 0.29.0-11-gd7f09526c8 (webtiles) character file.

Game seed: 9614968900308082266

14 RascalDebosk the Shooter (level 2, -1/23 HPs)
             Began as a Formicid Hunter on Sept 4, 2022.
             Killed by nerve-wracking pain
             ... invoked by Jessica
              (9 damage)
             ... on level 2 of the Dungeon.
             The game lasted 00:06:20 (478 turns).

RascalDebosk the Shooter (Formicid Hunter)           Turns: 478, Time: 00:06:20

Health: -1/23      AC:  3    Str: 15    XL:     2   Next: 60%
Magic:  2/2        EV: 12    Int:  8    God:
Gold:   64         SH:  0    Dex: 17    Spells: 1/1 levels left

rFire   . . .      SeeInvis +   a - +0 shortbow
rCold   . . .      Faith    .   (no shield)
rNeg    . . .      Spirit   .   c - +0 leather armour
rPois   .          Reflect  .   (helmet unavailable)
rElec   .          Harm     .   (no cloak)
rCorr   .          Rampage  .   (no gloves)
Will    .....                   (no boots)
Stlth   ++........              (no amulet)
HPRegen 0.07/turn               (no ring)
MPRegen 0.08/turn               (no ring)

@: lethally poisoned (-1 -> -5)
A: permanent stasis, dig shafts and tunnels, antennae 3, four strong arms
a: Dig, Shaft Self


You were on level 2 of the Dungeon.
You visited 1 branch of the dungeon, and saw 2 of its levels.

You collected 64 gold pieces.

Inventory:

Hand Weapons
 a - a +0 shortbow (weapon)
Missiles
 g - 5 boomerangs
Armour
 c - a +0 leather armour (worn)
Scrolls
 b - a scroll of immolation
 d - a scroll of noise {unknown}
 e - a scroll of identify {unknown}
 f - a scroll of enchant weapon {unknown}
 i - a scroll of amnesia {unknown}
 k - a scroll of teleportation {unknown}
 l - a scroll of blinking {unknown}
Potions
 h - a potion of mutation {unknown}
 j - a potion of curing {unknown}


   Skills:
 + Level 2.3 Fighting
 + Level 4.0 Ranged Weapons
 + Level 0.5 Throwing
 + Level 0.5 Armour
 - Level 1.7 Dodging
 + Level 1.6 Stealth
 + Level 0.9 Invocations
 + Level 0.5 Evocations


You had one spell level left.
You didn't know any spells.
Your spell library was empty.

Dungeon Overview and Level Annotations

Branches:
Dungeon (2/15)

Altars:

Annotations:
D:2 Jessica


Innate Abilities, Weirdness & Mutations

You cannot be hasted, slowed, berserked, paralysed or teleported.
You can dig through walls and to a lower floor.
You have a pair of large antennae on your head. (SInv)
Your four strong arms can wield two-handed weapons with a shield.


Message History

You shoot an arrow. The arrow barely misses Jessica.
Jessica hits you with a +0 club.
Fire: a) +0 shortbow
Press: ? - help, Q - select action, (/) - cycle Shift-Dir - straight line, f/p - Jessica
Aim: Jessica, wielding a +0 club and wearing a +2 robe of willpower (63% to hit)
You shoot an arrow. The arrow barely misses Jessica.
The adder closely misses you. Jessica barely misses you.
The adder barely misses you. Jessica barely misses you.
Fire: a) +0 shortbow
Press: ? - help, Q - select action, (/) - cycle Shift-Dir - straight line, f/p - Jessica
Aim: Jessica, wielding a +0 club and wearing a +2 robe of willpower (63% to hit)
You shoot an arrow. The arrow closely misses Jessica.
The adder barely misses you. Jessica barely misses you.
The adder bites you but does no damage.
Fire: a) +0 shortbow
Press: ? - help, Q - select action, (/) - cycle Shift-Dir - straight line, f/p - Jessica
Aim: Jessica, wielding a +0 club and wearing a +2 robe of willpower (63% to hit)
You shoot an arrow.
The arrow hits Jessica but does no damage.
The adder bites you.
You are poisoned.
The adder poisons you! Jessica misses you. The adder bites you.
Fire: a) +0 shortbow
Press: ? - help, Q - select action, (/) - cycle Shift-Dir - straight line, f/p - Jessica
Aim: Jessica, wielding a +0 club and wearing a +2 robe of willpower (63% to hit)
You shoot an arrow. The arrow closely misses Jessica.
You feel very sick. Jessica hits you with a +0 club. The adder bites you.
Jessica shouts, "You're disturbing me!
I'll have to kill you!" Jessica gestures at you while chanting.
Your stasis prevents you from being slowed.
Fire: a) +0 shortbow
Press: ? - help, Q - select action, (/) - cycle Shift-Dir - straight line, f/p - Jessica
Aim: Jessica, wielding a +0 club and wearing a +2 robe of willpower (63% to hit)
You shoot an arrow. The arrow hits Jessica.
Jessica is lightly wounded.
You feel sick. The adder barely misses you. The adder completely misses you.
Jessica casts a spell at you. Pain shoots through your body!
You die...

#......
..?..
..... ...
... #.#
#@#
###@#####
#<.S....#
#.......#
#.......#
#>[.....#
....#####
#....#
####.#
...


You could see an adder and Jessica.

Vanquished Creatures
  2 bats (D:1)
  A giant cockroach (D:1)
  A hobgoblin (D:1)
  2 kobolds (D:1)
  A quokka (D:1)
  3 ball pythons
  A goblin (D:1)
  3 rats (D:1)
14 creatures vanquished.

Notes
Turn   | Place    | Note
-------+----------+-------------------------------------------
     0 | D:1      | RascalDebosk the Formicid Hunter began the quest for the
                  | Orb.
     0 | D:1      | Reached XP level 1. HP: 16/16 MP: 1/1
   196 | D:1      | Reached XP level 2. HP: 22/22 MP: 2/2
   470 | D:2      | Noticed Jessica
   478 | D:2      | Killed from afar by Jessica

Illustrated notes

Levels and vault maps discovered:
D:1:      matt_arrival_spirals, layout_rooms
D:2:      layout_basic, uniq_terence, uniq_natasha, uniq_jessica

Action                   || total
-------------------------++-------
 Fire: Shortbow          ||    42
 Abil: Dig               ||     1
Armor: Leather armour    ||     7
Dodge: Dodged            ||    18
